 Dungeon Crawl Stone Soup version 0.13.1-27-ga479965 (console) character file.

3239 madhatter the Gouger (level 9, -6/43 HPs)
             Began as a Felid Fighter on Feb 9, 2014.
             Was an Elder of Makhleb.
             Mangled by a cyclops (32 damage)
             ... on Level 11 of the Dungeon.
             The game lasted 00:45:44 (6845 turns).

madhatter the Gouger (Felid Fighter)                Turns: 6845, Time: 00:45:44

HP  -6/43        AC  2     Str 12      XL: 9   Next: 47%
MP  14/14        EV 25     Int  9      God: Makhleb [****..]
Gold 381         SH  0     Dex 18 (19) Spells:  0 memorised,  8 levels left
Lives: 0, deaths: 2

Res.Fire  : . . .   See Invis. : +     - Unarmed
Res.Cold  : . . .   Warding    : .   (armour unavailable)
Life Prot.: . . .   Conserve   : .   (shield unavailable)
Res.Poison: .       Res.Corr.  : .   (helmet unavailable)
Res.Elec. : .       Clarity    : .   (cloak unavailable)
Sust.Abil.: . .     Spirit.Shd : .   (gloves unavailable)
Res.Mut.  : .       Stasis     : .   (boots unavailable)
Res.Rott. : .       Flight     : .   (no amulet)
Saprovore : . . .                    (no ring)
                                     (no ring)

@: quick, somewhat resistant to hostile enchantments, very stealthy
A: paw claws, no armour, no advanced items, fangs 3, see invisible, carnivore 3,
speed 1, slow metabolism 1, AC +2
a: Minor Destruction, Lesser Servant of Makhleb, Major Destruction, Renounce
Religion


You were on level 11 of the Dungeon.
You worshipped Makhleb.
Makhleb was greatly pleased with you.
You were completely stuffed.

You visited 2 branches of the dungeon, and saw 13 of its levels.

You collected 527 gold pieces.
You spent 166 gold pieces at shops.

Inventory:

Comestibles
 d - 3 meat rations
Scrolls
 b - 2 scrolls of fog {unknown}
 c - 2 scrolls of random uselessness {unknown}
 e - 2 scrolls of remove curse
 f - a scroll of amnesia
 g - 2 scrolls of magic mapping
 h - a scroll of noise {unknown}
 k - 2 scrolls of enchant weapon I {unknown}
 l - 3 scrolls of enchant armour
 n - 3 scrolls of teleportation {unknown}
 o - 2 scrolls of silence {unknown}
 q - a scroll of recharging {unknown}
 r - 2 scrolls of identify
 s - a scroll of fear
 u - 2 scrolls of curse jewellery {unknown}
 v - a scroll of brand weapon {unknown}
 w - 2 scrolls of curse weapon {unknown}
 z - a scroll of torment {unknown}
Jewellery
 a - an uncursed ring of teleportation
 m - the ring of Yxivib {Hunger rElec rC++ Acc-6}
   (You found it on level 8 of the Dungeon)

   [ring of hunger]

   It affects your accuracy (-6).
   It greatly protects you from cold.
   It insulates you from electricity.
 y - an uncursed ring of ice {unknown}
Potions
 i - a potion of heal wounds
 j - 2 potions of curing
 p - a potion of mutation
 t - a potion of brilliance
 x - a potion of agility {unknown}


   Skills:
 * Level 9.1 Fighting
 + Level 9.1 Dodging
 + Level 8.0 Stealth
 * Level 9.2 Unarmed Combat


You had 8 spell levels left.
You didn't know any spells.

Dungeon Overview and Level Annotations

Branches:
Dungeon (12/27)            Temple (1/1) D:7             Orc (0/4) D:9
   Lair: D:8-13

Altars:
Ashenzari
Cheibriados
Elyvilon
Fedhas
Kikubaaqudgha
Makhleb
Nemelex Xobeh
Okawaru
Sif Muna
Trog
Vehumet
Xom
Yredelemnul
Zin
the Shining One

Shops:
D:6 (   D:8 +*/*

Annotations:
D:7 Prince Ribbit
D:8 Erolcha, Eustachio
D:10 Sonja


Innate Abilities, Weirdness & Mutations

You cannot wear armour.
You are incapable of any advanced item manipulation.
Your paws have sharp claws.
You have razor-sharp teeth.
You have supernaturally acute eyesight.
You are carnivorous and can eat meat at any time.
You cover ground quickly.
You are covered in thick fur (AC +2).
You have a slow metabolism.


Message History

The giant spore explodes!
You hear an explosion!
You feel slightly less full.
A cyclops comes into view.
Found a stone staircase leading down.
A giant centipede comes into view.
You pounce on the helpless cyclops from a blind spot!
You claw the cyclops!
The cyclops begins to bleed from its wounds!
The cyclops is moderately wounded.
You claw the cyclops!
The cyclops is heavily wounded.
The cyclops completely misses you.
You barely miss the cyclops.
The cyclops is heavily wounded.
You scratch the cyclops.
The cyclops is heavily wounded.
The cyclops hits you!
Ouch! That really hurt!
You die...

##..## #.....
###..## #..###
##...## #.## #
##...## #p#
#....# ..#
#...## .
##...##
#.....####
#...?@...#
#...C.........
#...###.....>.
#..<# ##.....
#..# ####. .#


You could see a cyclops (bleeding).

Vanquished Creatures
  Gastronok (D:9)
  A steam dragon (D:11)
  2 hungry ghosts (D:11)
  Menkaure (D:4)
  An orc warrior (D:8)
  A sky beast (D:8)
  2 ice beasts
  6 ogres
  A big kobold (D:9)
  3 giant frogs
  4 killer bees (D:5)
  A hippogriff skeleton (D:6)
  A quasit (D:10)
  3 crimson imps
  A jelly (D:9)
  4 orc priests
  3 hounds
  A centaur skeleton (D:9)
  4 scorpions
  A giant frog skeleton (D:8)
  4 iguanas
  5 worker ants
  5 orc wizards
  A hound zombie (D:7)
  2 sky beast zombies
  A worker ant zombie (D:9)
  8 adders
  3 green rats (D:11)
  A worm (D:5)
  An adder zombie (D:8)
  A giant eyeball (D:7)
  21 orcs
  21 bats
  2 giant cockroaches
  6 goblins
  9 hobgoblins
  8 jackals
  13 kobolds
  6 quokkas
  3 giant geckos
  3 giant newts
  2 giant spores
  An orc skeleton (D:10)
  An orc zombie (D:6)
  19 rats
  A rat zombie (D:5)
  2 ballistomycetes (D:9)
192 creatures vanquished.

Vanquished Creatures (collateral kills)
  An orc wizard (D:9)
  An orc (D:9)
2 creatures vanquished.

Grand Total: 194 creatures vanquished

Notes
Turn   | Place    | Note
--------------------------------------------------------------
     0 | D:1      | madhatter, the Felid Fighter, began the quest for the Orb.
     0 | D:1      | Reached XP level 1. HP: 10/10 MP: 1/1
   133 | D:3      | Reached XP level 2. HP: 14/14 MP: 2/2
   148 | D:3      | Reached skill level 1 in Stealth
   331 | D:4      | Found an iron altar of Okawaru.
   375 | D:4      | Reached XP level 3. HP: 2/18 MP: 4/4
   643 | D:5      | Entered Level 5 of the Dungeon
   705 | D:4      | Reached XP level 4. HP: 19/21 MP: 6/6
  1145 | D:3      | Reached XP level 5. HP: 18/25 MP: 7/7
  1292 | D:2      | Reached skill level 5 in Dodging
  1760 | D:5      | Reached skill level 5 in Unarmed Combat
  1828 | D:8      | Found Uhungef's General Store.
  1899 | D:8      | Found Motuxzeu's Magical Wand Shop.
  1907 | D:8      | Noticed Erolcha
  1973 | D:7      | Noticed Prince Ribbit
  2005 | D:7      | Noticed an ogre
  2007 | D:7      | Found a staircase to the Ecumenical Temple.
  2017 | Temple   | Entered the Ecumenical Temple
  2132 | Temple   | Became a worshipper of Makhleb the Destroyer
  2171 | D:7      | Paralysed by a giant eyeball for 4 turns
  2174 | D:7      | Mangled by an ogre
  2175 | D:7      | Reached XP level 4. HP: -8/22 MP: 6/6
  2198 | D:7      | Reached XP level 5. HP: 20/25 MP: 7/7
  2582 | D:7      | Paralysed by a giant eyeball for 3 turns
  2632 | D:7      | Killed an ogre
  2632 | D:7      | Reached skill level 5 in Fighting
  2632 | D:7      | Gained mutation: You are covered in thick fur (AC +2). [growing up]
  2632 | D:7      | Reached XP level 6. HP: 16/29 MP: 9/9
  2754 | D:7      | HP: 1/29 [poisoned by a worker ant]
  3185 | D:5      | Reached skill level 6 in Dodging
  3386 | D:5      | Acquired Makhleb's first power
  3507 | D:5      | Reached XP level 7. HP: 7/33 MP: 11/11
  3822 | D:4      | Noticed Menkaure
  4082 | D:4      | Killed Menkaure
  4280 | D:4      | Reached skill level 5 in Stealth
  4297 | D:4      | Found a glowing golden altar of the Shining One.
  4298 | D:4      | Found a deep blue altar of Sif Muna.
  4413 | D:6      | Noticed an ogre
  4418 | D:6      | Killed an ogre
  4418 | D:6      | Reached XP level 8. HP: 25/37 MP: 12/12
  4586 | D:6      | Reached skill level 7 in Dodging
  4644 | D:6      | Found Viagy's Antique Weapon Boutique.
  4953 | D:8      | Got a brightly glowing glass ring
  4958 | D:8      | Bought a scroll of identify for 26 gold pieces
  4958 | D:8      | Bought a scroll of identify for 26 gold pieces
  4958 | D:8      | Bought a scroll of fear for 45 gold pieces
  4958 | D:8      | Bought a scroll of magic mapping for 45 gold pieces
  4959 | D:8      | Identified the ring of Yxivib {Hunger rElec rC++ Acc-6} (You found it on level 8 of the Dungeon)
  4986 | D:9      | Noticed Gastronok
  5022 | D:8      | Acquired Makhleb's second power
  5066 | D:8      | Noticed an orc warrior
  5081 | D:8      | Killed an orc warrior
  5260 | D:10     | Entered Level 10 of the Dungeon
  5260 | D:10     | Noticed Sonja
  5260 | D:10     | Noticed a hill giant
  5492 | D:8      | Found Xomeexaj's Book Shoppe.
  5503 | D:8      | Noticed a sky beast
  5513 | D:8      | Killed a sky beast
  5548 | D:8      | Noticed Eustachio
  5622 | D:8      | Found Recolak Ari's Assorted Antiques.
  5624 | D:8      | Noticed an ice beast
  5638 | D:8      | Killed an ice beast
  5643 | D:8      | Bought a scroll labeled CRIOMPEOLE for 24 gold pieces
  5674 | D:8      | Reached XP level 9. HP: 15/42 MP: 14/14
  5960 | D:9      | Found a staircase to the Orcish Mines.
  6093 | D:9      | Reached skill level 8 in Dodging
  6107 | D:9      | Acquired Makhleb's third power
  6285 | D:9      | Killed from afar by Gastronok
  6286 | D:9      | Reached XP level 8. HP: -1/38 MP: 12/12
  6363 | D:9      | Killed Gastronok
  6363 | D:9      | Reached XP level 9. HP: 40/42 MP: 14/14
  6499 | D:10     | Reached skill level 9 in Unarmed Combat
  6560 | D:10     | Acquired Makhleb's fourth power
  6838 | D:11     | Noticed a cyclops
  6845 | D:11     | Mangled by a cyclops

Action                   |  1- 3 |  4- 6 |  7- 9 || total
-------------------------+-------+-------+-------++-------
Melee: Unarmed           |    71 |   246 |   447 ||   764
Invok: Minor Destruction |       |       |     4 ||     4
       Lesser Servant of |       |       |     1 ||     1
  Use: Potion            |     3 |     4 |     3 ||    10
       Scroll            |     2 |     3 |     3 ||     8
 Stab: Sleeping          |     2 |    10 |    12 ||    24
       Distracted        |       |     1 |     6 ||     7
       Fleeing           |       |       |     1 ||     1
